[ AOE2 MATCH · #484197894 ]
UnrankedEthiopians vs Sicilians
[ REPLAY ANALYSIS · EXTRACTED FROM THE RECORDED GAME ]
Feudal
11:41
Castle
17:13
Imperial
43:20
| APM avg | 35.4 |
| APM peak | 76 |
| eAPM avg | 20.0 |
| Villagers / military | 120 / 479 |
Focus
⚔️ 53.2% · 🌾 46.8%
Archer ×326 · Spearman ×99 · Shotel Warrior ×27 · Mangonel ×19 · Trade Cart ×12 · Monk ×5
Feudal
11:33
Castle
17:32
Imperial
40:04
| APM avg | 21.1 |
| APM peak | 74 |
| eAPM avg | 12.5 |
| Villagers / military | 87 / 640 |
Focus
⚔️ 46.0% · 🌾 54.0%
Serjeant ×309 · Spearman ×273 · Mangonel ×17 · Scout Cavalry ×15 · Battering Ram ×12 · Scorpion ×8
Feudal
12:08
Castle
23:14
Imperial
44:22
| APM avg | 35.4 |
| APM peak | 85 |
| eAPM avg | 16.0 |
| Villagers / military | 120 / 589 |
Focus
⚔️ 39.8% · 🌾 60.2%
Spearman ×293 · Militia ×161 · Woad Raider ×47 · Scorpion ×41 · Battering Ram ×24 · Archer ×15
Feudal
11:09
Castle
16:09
Imperial
43:51
| APM avg | 25.4 |
| APM peak | 59 |
| eAPM avg | 19.4 |
| Villagers / military | 285 / 556 |
Focus
⚔️ 29.8% · 🌾 70.2%
Spearman ×213 · Samurai ×199 · Skirmisher ×56 · Militia ×55 · Battering Ram ×19 · Fishing Ship ×12
Feudal
10:59
Castle
15:23
Imperial
40:58
| APM avg | 17.1 |
| APM peak | 85 |
| eAPM avg | 14.2 |
| Villagers / military | 202 / 400 |
Focus
⚔️ 30.3% · 🌾 69.7%
Battle Elephant ×200 · Scorpion ×160 · Trade Cart ×35 · Knight ×26 · Battering Ram ×10 · Trebuchet (Packed) ×4
Feudal
11:14
Castle
21:17
Imperial
35:24
| APM avg | 30.9 |
| APM peak | 133 |
| eAPM avg | 25.3 |
| Villagers / military | 200 / 373 |
Focus
⚔️ 67.9% · 🌾 32.1%
Skirmisher ×128 · Spearman ×99 · Knight ×46 · Leitis ×32 · Scout Cavalry ×28 · Trebuchet (Packed) ×19
Feudal
14:13
Castle
22:50
Imperial
52:55
| APM avg | 21.2 |
| APM peak | 61 |
| eAPM avg | 16.3 |
| Villagers / military | 142 / 334 |
Focus
⚔️ 48.2% · 🌾 51.8%
Spearman ×162 · Kamayuk ×116 · Skirmisher ×33 · Trade Cart ×13 · Unknown (2550) ×9 · Petard ×8
Feudal
15:31
Castle
23:50
Imperial
40:08
| APM avg | 25.6 |
| APM peak | 78 |
| eAPM avg | 18.7 |
| Villagers / military | 109 / 712 |
Focus
⚔️ 61.3% · 🌾 38.7%
Skirmisher ×346 · Spearman ×219 · Konnik ×77 · Scorpion ×31 · Mangonel ×20 · Scout Cavalry ×10
Match map
Initial resources + every placement click. Lines = walls · curves = elevation contours. ◆ gold · ⬟ stone · ● berries · ✦ relic · ◌ wall gap
Your base· ✓ Closed at 17:13 · 13t walls · 1 gate(s)
Orangebaral's base· ✓ Closed at 17:32 · 8t walls · fragile
vagos.fran's base· ✓ Closed at 23:14 · 22t walls · 1 gate(s)
ElMiloja's base· ✓ Closed at 16:09 · 14t walls · fragile
Trinidad's base· ✓ Closed at 15:23 · 0t walls · no gate
jpgutierrezb's base· ✓ Closed at 21:17 · 0t walls · fragile
Cho Feudalboy's base· ✓ Closed at 22:50 · 17t walls · 3 gate(s)
jimmi's base· ✓ Closed at 23:50 · 24t walls · fragile
Smoothed initial terrain · ◌ = detected wall gap · hover for details
Inputs per minute
— a.arias.age - - Orangebaral
Build order — a.arias.age
First 150 of 872 actions detected
| 0:02 | Create | Villager (Male) |
| 0:02 | Create | Villager (Male) |
| 0:02 | Create | Villager (Male) |
| 0:03 | Create | Villager (Male) |
| 0:04 | Build | House |
| 0:05 | Build | House |
| 0:48 | Build | House |
| 0:53 | Research | Loom |
| 0:54 | Create | Villager (Male) |
| 1:13 | Build | House |
| 1:20 | Build | Palisade Wall |
| 2:02 | Create | Villager (Male) |
| 2:50 | Build | Palisade Gate |
| 2:58 | Create | Villager (Male) |
| 2:58 | Create | Villager (Male) |
| 3:06 | Build | Palisade Wall |
| 3:25 | Create | Villager (Male) |
| 4:04 | Create | Villager (Male) |
| 4:30 | Create | Villager (Male) |
| 4:45 | Create | Villager (Male) |
| 5:12 | Create | Villager (Male) |
| 5:33 | Build | Lumber Camp |
| 5:39 | Create | Villager (Male) |
| 5:39 | Create | Villager (Male) |
| 6:05 | Create | Villager (Male) |
| 6:14 | Create | Villager (Male) |
| 6:14 | Create | Villager (Male) |
| 7:36 | Create | Villager (Male) |
| 8:02 | Create | Villager (Male) |
| 8:36 | Create | Villager (Male) |
| 8:40 | Build | Mining Camp |
| 9:06 | Create | Villager (Male) |
| 9:20 | Research | Feudal Age |
| 9:34 | Build | Mill |
| 10:12 | Create | Villager (Male) |
| 10:16 | Build | House |
| 11:41 | Age | Feudal Age |
| 11:45 | Create | Villager (Male) |
| 11:47 | Research | Double-Bit Axe |
| 11:57 | Research | Gold Mining |
| 12:40 | Create | Villager (Male) |
| 12:49 | Build | Blacksmith |
| 13:06 | Create | Villager (Male) |
| 13:40 | Create | Villager (Male) |
| 13:47 | Build | Market |
| 14:08 | Create | Villager (Male) |
| 14:17 | Research | Castle Age |
| 14:47 | Build | House |
| 14:48 | Build | House |
| 14:53 | Build | Barracks |
| 15:07 | Build | House |
| 15:21 | Create | Villager (Male) |
| 15:56 | Create | Villager (Male) |
| 16:04 | Build | Archery Range |
| 16:53 | Create | Archer |
| 17:13 | Age | Castle Age |
| 17:16 | Build | Town Center |
| 17:20 | Create | Archer |
| 17:20 | Create | Archer |
| 17:33 | Create | Villager (Male) |
| 17:57 | Research | Bow Saw |
| 18:01 | Research | Horse Collar |
| 18:08 | Build | Farm |
| 18:21 | Build | Farm |
| 18:21 | Build | Farm |
| 18:26 | Build | Farm |
| 18:29 | Build | Farm |
| 18:31 | Create | Villager (Male) |
| 18:33 | Create | Villager (Male) |
| 18:35 | Create | Archer |
| 18:35 | Create | Archer |
| 18:39 | Build | Farm |
| 18:52 | Research | Wheelbarrow |
| 18:53 | Create | Villager (Male) |
| 18:58 | Create | Archer |
| 19:01 | Build | Farm |
| 19:04 | Build | Farm |
| 19:16 | Create | Villager (Male) |
| 19:33 | Build | Farm |
| 19:45 | Create | Villager (Male) |
| 19:56 | Build | Farm |
| 20:02 | Create | Villager (Male) |
| 20:14 | Create | Villager (Male) |
| 20:20 | Build | Farm |
| 20:26 | Create | Archer |
| 20:27 | Create | Archer |
| 20:38 | Create | Villager (Male) |
| 20:40 | Build | Farm |
| 20:42 | Build | Farm |
| 21:00 | Build | Dock |
| 21:04 | Create | Villager (Male) |
| 21:09 | Build | Farm |
| 21:11 | Build | Farm |
| 21:18 | Create | Archer |
| 21:24 | Create | Villager (Male) |
| 21:27 | Research | Stone Mining |
| 21:32 | Create | Villager (Male) |
| 21:32 | Create | Villager (Male) |
| 21:39 | Build | House |
| 21:41 | Build | House |
| 21:43 | Build | House |
| 21:45 | Build | House |
| 21:46 | Create | Fishing Ship |
| 21:47 | Create | Fishing Ship |
| 22:09 | Research | Fletching |
| 22:12 | Create | Villager (Male) |
| 22:12 | Create | Villager (Male) |
| 22:18 | Create | Archer |
| 22:28 | Create | Villager (Male) |
| 22:28 | Create | Villager (Male) |
| 22:58 | Create | Villager (Male) |
| 22:59 | Create | Villager (Male) |
| 23:02 | Build | Farm |
| 23:02 | Build | Farm |
| 23:02 | Build | Farm |
| 23:03 | Build | Farm |
| 23:06 | Create | Villager (Male) |
| 23:07 | Create | Villager (Male) |
| 23:10 | Build | Town Center |
| 23:14 | Create | Villager (Male) |
| 23:14 | Create | Villager (Male) |
| 23:17 | Create | Fishing Ship |
| 23:17 | Create | Fishing Ship |
| 24:01 | Research | Crossbowman (upgrade) |
| 24:02 | Create | Archer |
| 24:42 | Create | Archer |
| 24:43 | Create | Archer |
| 24:45 | Research | Padded Archer Armor |
| 24:46 | Create | Villager (Male) |
| 24:47 | Create | Villager (Male) |
| 24:49 | Build | Archery Range |
| 24:50 | Build | Archery Range |
| 25:03 | Create | Archer |
| 25:04 | Create | Archer |
| 25:48 | Create | Archer |
| 25:49 | Create | Archer |
| 25:53 | Create | Archer |
| 25:53 | Create | Archer |
| 25:53 | Create | Archer |
| 26:07 | Build | Town Center |
| 26:31 | Create | Villager (Male) |
| 26:31 | Create | Villager (Male) |
| 26:59 | Create | Archer |
| 27:03 | Research | Bodkin Arrow |
| 27:22 | Build | Stone Wall |
| 27:28 | Create | Villager (Male) |
| 27:28 | Create | Villager (Male) |
| 27:28 | Create | Villager (Male) |
| 27:31 | Build | University |
| 27:34 | Create | Villager (Male) |
Build order — Orangebaral
First 150 of 486 actions detected
| 0:01 | Create | Villager (Male) |
| 0:02 | Create | Villager (Male) |
| 0:02 | Create | Villager (Male) |
| 0:03 | Build | House |
| 0:04 | Build | House |
| 0:26 | Create | Villager (Male) |
| 1:25 | Create | Villager (Male) |
| 1:36 | Research | Loom |
| 1:59 | Build | Palisade Wall |
| 2:06 | Create | Villager (Male) |
| 2:27 | Create | Villager (Male) |
| 3:07 | Create | Villager (Male) |
| 3:09 | Create | Villager (Male) |
| 3:11 | Build | Lumber Camp |
| 3:43 | Create | Villager (Male) |
| 4:06 | Create | Villager (Male) |
| 4:34 | Build | House |
| 4:59 | Create | Villager (Male) |
| 5:25 | Create | Villager (Male) |
| 5:25 | Create | Villager (Male) |
| 6:06 | Create | Villager (Male) |
| 6:15 | Create | Villager (Male) |
| 6:18 | Build | Lumber Camp |
| 6:29 | Build | House |
| 7:09 | Create | Villager (Male) |
| 7:32 | Build | Mill |
| 7:35 | Create | Villager (Male) |
| 7:59 | Create | Villager (Male) |
| 8:01 | Build | Mill |
| 8:27 | Create | Villager (Male) |
| 8:56 | Build | Mining Camp |
| 8:58 | Create | Villager (Male) |
| 9:00 | Build | House |
| 9:16 | Research | Feudal Age |
| 10:35 | Build | Farm |
| 10:35 | Build | Farm |
| 10:35 | Build | Farm |
| 10:35 | Build | Farm |
| 10:36 | Build | Farm |
| 10:36 | Build | Farm |
| 10:37 | Build | Farm |
| 11:00 | Build | Donjon |
| 11:26 | Create | Villager (Male) |
| 11:26 | Create | Villager (Male) |
| 11:33 | Age | Feudal Age |
| 11:36 | Build | Market |
| 12:18 | Create | Villager (Male) |
| 12:22 | Build | House |
| 12:39 | Create | Villager (Male) |
| 12:48 | Build | House |
| 13:15 | Create | Villager (Male) |
| 13:45 | Build | Mining Camp |
| 13:56 | Create | Villager (Male) |
| 14:18 | Build | Blacksmith |
| 14:23 | Create | Villager (Male) |
| 14:52 | Research | Castle Age |
| 14:52 | Research | Castle Age |
| 14:53 | Research | Horse Collar |
| 15:03 | Create | Serjeant |
| 15:04 | Create | Serjeant |
| 15:09 | Create | Serjeant |
| 15:25 | Build | Farm |
| 15:44 | Create | Serjeant |
| 15:57 | Create | Villager (Male) |
| 16:12 | Build | Donjon |
| 16:20 | Research | Scale Mail Armor |
| 16:47 | Create | Serjeant |
| 16:47 | Create | Serjeant |
| 16:47 | Create | Serjeant |
| 17:11 | Create | Villager (Male) |
| 17:20 | Build | Farm |
| 17:22 | Build | Farm |
| 17:26 | Create | Serjeant |
| 17:32 | Age | Castle Age |
| 17:38 | Build | Stable |
| 17:44 | Create | Villager (Male) |
| 18:13 | Build | Farm |
| 18:14 | Create | Villager (Male) |
| 18:19 | Build | House |
| 18:19 | Build | House |
| 18:26 | Create | Knight |
| 19:03 | Build | Farm |
| 19:04 | Build | Farm |
| 19:05 | Create | Villager (Male) |
| 19:07 | Create | Serjeant ×3 |
| 19:10 | Create | Serjeant |
| 19:10 | Create | Serjeant |
| 19:34 | Build | Farm |
| 19:34 | Create | Villager (Male) |
| 19:40 | Build | Farm |
| 19:43 | Create | Villager (Male) |
| 19:48 | Create | Serjeant |
| 20:04 | Build | Siege Workshop |
| 20:09 | Create | Villager (Male) |
| 20:30 | Build | Donjon |
| 20:38 | Create | Scorpion |
| 20:39 | Create | Scorpion |
| 20:39 | Create | Scorpion |
| 20:40 | Create | Villager (Male) |
| 20:43 | Create | Serjeant |
| 20:45 | Create | Serjeant |
| 20:45 | Create | Serjeant |
| 20:55 | Build | Farm |
| 21:37 | Build | Farm |
| 21:41 | Research | Double-Bit Axe |
| 21:43 | Create | Scorpion |
| 21:45 | Create | Villager (Male) |
| 21:47 | Create | Serjeant ×2 |
| 21:48 | Create | Serjeant |
| 21:59 | Build | House |
| 22:00 | Build | House |
| 22:09 | Create | Villager (Male) |
| 22:38 | Create | Scorpion |
| 22:50 | Build | Farm |
| 23:09 | Build | Farm |
| 23:10 | Create | Villager (Male) |
| 23:14 | Research | Scale Barding Armor |
| 23:15 | Create | Knight ×2 |
| 24:37 | Build | Town Center |
| 24:46 | Create | Villager (Male) |
| 24:49 | Create | Serjeant |
| 24:49 | Create | Serjeant |
| 24:50 | Create | Serjeant |
| 24:51 | Create | Serjeant |
| 24:57 | Research | Chain Mail Armor |
| 25:00 | Build | House |
| 25:00 | Build | House |
| 25:01 | Build | House |
| 26:11 | Build | House |
| 26:11 | Build | House |
| 26:12 | Build | House |
| 26:16 | Create | Villager (Male) |
| 26:16 | Create | Villager (Male) |
| 26:18 | Research | Bloodlines |
| 26:18 | Create | Knight ×3 |
| 27:10 | Build | Farm |
| 27:12 | Create | Villager (Male) |
| 27:16 | Create | Serjeant ×4 |
| 28:27 | Build | Farm |
| 28:32 | Build | Farm |
| 28:32 | Build | Farm |
| 28:58 | Build | Donjon |
| 29:04 | Create | Villager (Male) |
| 29:04 | Create | Villager (Male) |
| 29:08 | Create | Serjeant |
| 29:09 | Create | Serjeant |
| 29:10 | Create | Serjeant |
| 29:10 | Create | Serjeant |
| 29:20 | Create | Scorpion |
| 29:20 | Create | Scorpion |
Build order — vagos.fran
First 150 of 636 actions detected
| 0:02 | Create | Villager (Male) |
| 0:02 | Create | Villager (Male) |
| 0:04 | Build | House |
| 0:05 | Build | House |
| 0:27 | Create | Villager (Male) |
| 0:27 | Create | Villager (Male) |
| 1:07 | Build | Palisade Wall |
| 1:11 | Research | Loom |
| 1:16 | Create | Villager (Male) |
| 2:01 | Create | Villager (Male) |
| 2:22 | Create | Villager (Male) |
| 2:50 | Create | Villager (Male) |
| 3:30 | Create | Villager (Male) |
| 3:38 | Build | Palisade Wall |
| 3:45 | Build | House |
| 3:56 | Create | Villager (Male) |
| 4:25 | Create | Villager (Male) |
| 4:25 | Create | Villager (Male) |
| 4:27 | Build | House |
| 4:41 | Build | Palisade Gate |
| 4:44 | Build | Palisade Wall |
| 5:00 | Create | Villager (Male) |
| 5:05 | Create | Villager (Male) |
| 5:59 | Create | Villager (Male) |
| 5:59 | Create | Villager (Male) |
| 6:31 | Build | Lumber Camp |
| 6:47 | Create | Villager (Male) |
| 7:15 | Create | Villager (Male) |
| 7:45 | Create | Villager (Male) |
| 8:02 | Create | Villager (Male) |
| 8:04 | Build | Mining Camp |
| 8:11 | Create | Villager (Male) |
| 8:25 | Build | Mill |
| 8:59 | Create | Villager (Male) |
| 9:26 | Build | House |
| 9:33 | Create | Villager (Male) |
| 9:55 | Research | Feudal Age |
| 10:12 | Build | Palisade Wall |
| 10:15 | Build | Palisade Wall |
| 10:34 | Build | Barracks |
| 11:36 | Create | Militia |
| 11:36 | Create | Militia |
| 12:07 | Create | Villager (Male) |
| 12:08 | Age | Feudal Age |
| 12:13 | Research | Man-at-Arms (upgrade) |
| 12:18 | Build | Archery Range |
| 12:22 | Research | Double-Bit Axe |
| 12:27 | Create | Militia |
| 12:40 | Create | Villager (Male) |
| 13:01 | Create | Villager (Male) |
| 13:07 | Build | House |
| 13:08 | Build | House |
| 13:13 | Create | Archer |
| 13:21 | Build | House |
| 13:36 | Build | Blacksmith |
| 13:41 | Create | Villager (Male) |
| 13:50 | Research | Horse Collar |
| 13:55 | Build | Farm |
| 14:04 | Create | Archer |
| 14:10 | Build | House |
| 14:15 | Research | Fletching |
| 14:15 | Research | Fletching |
| 14:28 | Create | Villager (Male) |
| 14:47 | Create | Archer |
| 14:51 | Create | Villager (Male) |
| 15:21 | Create | Villager (Male) |
| 15:25 | Create | Archer |
| 15:25 | Create | Archer |
| 15:36 | Build | Farm |
| 15:36 | Build | Farm |
| 15:39 | Build | Farm |
| 15:42 | Build | Farm |
| 15:49 | Create | Archer |
| 16:04 | Create | Villager (Male) |
| 16:10 | Research | Town Watch |
| 16:44 | Create | Archer |
| 16:46 | Create | Villager (Male) |
| 17:13 | Create | Archer |
| 17:13 | Create | Archer |
| 17:20 | Build | Farm |
| 17:21 | Build | Farm |
| 17:35 | Create | Archer |
| 17:35 | Create | Archer |
| 17:51 | Build | Archery Range |
| 18:17 | Create | Villager (Male) |
| 18:50 | Create | Villager (Male) |
| 19:12 | Create | Archer |
| 19:13 | Create | Archer |
| 19:55 | Create | Spearman |
| 19:55 | Create | Spearman |
| 20:10 | Build | Barracks |
| 20:34 | Research | Castle Age |
| 21:44 | Create | Archer |
| 21:44 | Create | Archer |
| 21:51 | Build | House |
| 21:52 | Build | House |
| 23:03 | Create | Villager (Male) |
| 23:04 | Create | Villager (Male) |
| 23:14 | Age | Castle Age |
| 23:18 | Build | Town Center |
| 23:20 | Research | Bow Saw |
| 23:21 | Research | Heavy Plow |
| 23:24 | Create | Villager (Male) |
| 23:28 | Build | Town Center |
| 24:24 | Create | Villager (Male) |
| 24:25 | Create | Villager (Male) |
| 24:25 | Create | Villager (Male) |
| 24:34 | Build | Siege Workshop |
| 24:47 | Create | Villager (Male) |
| 24:47 | Create | Villager (Male) |
| 24:53 | Build | Market |
| 24:58 | Create | Villager (Male) |
| 24:58 | Create | Villager (Male) |
| 25:39 | Create | Mangonel |
| 25:49 | Research | Bodkin Arrow |
| 25:54 | Research | Crossbowman (upgrade) |
| 26:11 | Create | Villager (Male) |
| 26:11 | Create | Villager (Male) |
| 27:03 | Create | Villager (Male) |
| 27:03 | Create | Villager (Male) |
| 27:04 | Create | Villager (Male) |
| 27:05 | Build | Farm |
| 27:11 | Build | Farm |
| 27:12 | Build | Farm |
| 27:14 | Build | Farm |
| 27:15 | Build | Farm |
| 27:17 | Build | Farm |
| 27:18 | Build | Farm |
| 27:26 | Create | Mangonel |
| 28:42 | Create | Mangonel |
| 28:43 | Create | Villager (Male) |
| 28:43 | Create | Villager (Male) |
| 28:44 | Create | Villager (Male) |
| 28:52 | Create | Villager (Male) |
| 29:00 | Create | Villager (Male) |
| 29:20 | Create | Villager (Male) |
| 29:40 | Create | Villager (Male) |
| 29:41 | Create | Villager (Male) |
| 30:08 | Build | Castle |
| 30:29 | Create | Mangonel |
| 30:57 | Build | Farm |
| 30:58 | Build | Farm |
| 30:59 | Build | Farm |
| 31:00 | Build | Farm |
| 31:03 | Create | Villager (Male) |
| 31:27 | Build | Castle |
| 31:31 | Create | Villager (Male) |
| 31:31 | Create | Villager (Male) |
| 31:32 | Create | Villager (Male) |
| 31:32 | Create | Villager (Male) |
Build order — ElMiloja
First 150 of 925 actions detected
| 0:01 | Create | Villager (Male) |
| 0:01 | Create | Villager (Male) |
| 0:02 | Build | House |
| 0:04 | Build | House |
| 0:21 | Create | Villager (Male) |
| 0:21 | Create | Villager (Male) |
| 1:09 | Research | Loom |
| 1:11 | Create | Villager (Male) |
| 2:01 | Create | Villager (Male) |
| 2:25 | Create | Villager (Male) |
| 2:33 | Build | House |
| 2:39 | Build | Lumber Camp |
| 2:57 | Build | House |
| 2:58 | Create | Villager (Male) |
| 3:01 | Create | Villager (Male) |
| 3:37 | Build | Palisade Wall |
| 3:45 | Create | Villager (Male) |
| 4:04 | Create | Villager (Male) |
| 4:26 | Build | Palisade Wall |
| 4:31 | Create | Villager (Male) |
| 4:42 | Create | Villager (Male) |
| 5:25 | Create | Villager (Male) |
| 5:52 | Create | Villager (Male) |
| 6:21 | Create | Villager (Male) |
| 6:30 | Build | Dock |
| 6:47 | Create | Villager (Male) |
| 7:07 | Create | Villager (Male) |
| 7:11 | Create | Fishing Ship |
| 7:28 | Build | Mining Camp |
| 7:30 | Create | Villager (Male) |
| 7:53 | Build | Mill |
| 8:01 | Create | Villager (Male) |
| 8:08 | Build | House |
| 8:25 | Create | Villager (Male) |
| 8:48 | Build | Mining Camp |
| 8:59 | Research | Feudal Age |
| 9:00 | Research | Feudal Age |
| 9:53 | Create | Fishing Ship |
| 10:32 | Create | Fishing Ship |
| 11:09 | Age | Feudal Age |
| 11:11 | Create | Villager (Male) |
| 11:36 | Create | Villager (Male) |
| 11:39 | Build | House |
| 11:44 | Build | Market |
| 11:53 | Create | Villager (Male) |
| 12:11 | Build | Blacksmith |
| 12:14 | Create | Villager (Male) |
| 12:15 | Create | Villager (Male) ×5 |
| 12:52 | Create | Fishing Ship |
| 13:29 | Research | Castle Age |
| 13:30 | Research | Castle Age |
| 13:34 | Build | House |
| 13:54 | Create | Fishing Ship |
| 14:21 | Build | Farm |
| 14:42 | Create | Fishing Ship |
| 14:56 | Build | Farm |
| 15:21 | Research | Tech 906 |
| 15:28 | Build | Farm |
| 16:09 | Age | Castle Age |
| 16:11 | Create | Villager (Male) |
| 16:35 | Create | Villager (Male) |
| 16:40 | Build | Fish Trap |
| 16:43 | Build | Fish Trap |
| 16:46 | Build | Fish Trap |
| 16:52 | Build | Fish Trap |
| 16:59 | Build | Fish Trap |
| 17:04 | Build | Fish Trap |
| 17:06 | Create | Villager (Male) |
| 17:11 | Build | House |
| 17:29 | Build | Castle |
| 17:35 | Create | Villager (Male) |
| 17:42 | Build | Fish Trap |
| 17:50 | Build | Fish Trap |
| 18:02 | Create | Villager (Male) |
| 18:20 | Build | Siege Workshop |
| 18:26 | Create | Villager (Male) |
| 18:37 | Research | Double-Bit Axe |
| 18:40 | Research | Scale Mail Armor |
| 18:55 | Create | Villager (Male) |
| 19:07 | Create | Fishing Ship |
| 19:09 | Create | Fishing Ship |
| 19:26 | Build | Farm |
| 19:27 | Create | Villager (Male) |
| 19:38 | Build | Dock |
| 19:48 | Create | Battering Ram |
| 19:49 | Create | Villager (Male) |
| 20:00 | Build | Fish Trap |
| 20:07 | Build | Fish Trap |
| 20:18 | Create | Villager (Male) |
| 20:22 | Build | Farm |
| 20:26 | Create | Samurai ×5 |
| 20:29 | Create | Samurai |
| 20:35 | Build | Fish Trap |
| 20:40 | Create | Fishing Ship |
| 20:51 | Create | Villager (Male) |
| 20:59 | Build | House |
| 21:01 | Build | House |
| 21:12 | Build | Stone Wall |
| 21:18 | Create | Battering Ram |
| 21:21 | Create | Samurai ×5 |
| 21:27 | Research | Gillnets |
| 21:35 | Build | Fish Trap |
| 21:39 | Create | Villager (Male) |
| 22:07 | Create | Samurai |
| 22:14 | Create | Villager (Male) |
| 22:17 | Create | Battering Ram |
| 22:29 | Build | Town Center |
| 22:40 | Research | Wheelbarrow |
| 22:57 | Create | Scorpion |
| 23:00 | Create | Samurai ×3 |
| 23:00 | Create | Samurai ×3 |
| 23:23 | Create | Scorpion |
| 23:48 | Create | Scorpion |
| 23:56 | Create | Villager (Male) |
| 24:00 | Create | Villager (Male) |
| 24:00 | Create | Villager (Male) |
| 24:01 | Create | Villager (Male) |
| 24:18 | Research | Chain Mail Armor |
| 24:28 | Create | Samurai |
| 24:30 | Create | Villager (Male) |
| 24:31 | Create | Villager (Male) |
| 24:33 | Create | Fishing Ship |
| 24:34 | Create | Fishing Ship |
| 24:37 | Create | Fishing Ship |
| 24:55 | Create | Samurai ×3 |
| 24:56 | Create | Samurai ×3 |
| 26:00 | Create | Villager (Male) |
| 26:06 | Build | Town Center |
| 26:10 | Research | Hand Cart |
| 26:10 | Create | Villager (Male) |
| 26:11 | Create | Villager (Male) |
| 26:11 | Create | Villager (Male) |
| 26:14 | Build | Fish Trap |
| 26:15 | Build | Fish Trap |
| 26:17 | Build | Fish Trap |
| 26:18 | Build | Fish Trap |
| 26:29 | Create | Battering Ram |
| 26:39 | Build | Stone Wall |
| 26:40 | Build | Stone Wall |
| 26:44 | Build | Gate |
| 27:07 | Create | Scorpion |
| 27:08 | Create | Scorpion |
| 27:09 | Create | Villager (Male) |
| 27:11 | Create | Villager (Male) |
| 27:12 | Create | Villager (Male) |
| 27:21 | Create | Samurai |
| 28:09 | Create | Villager (Male) |
| 28:09 | Create | Villager (Male) |
| 28:12 | Create | Samurai |
| 28:12 | Create | Samurai |
Build order — Trinidad
First 150 of 554 actions detected
| 0:02 | Create | Villager (Male) |
| 0:03 | Create | Villager (Male) |
| 0:03 | Create | Villager (Male) |
| 0:07 | Build | House |
| 1:03 | Create | Villager (Male) |
| 1:29 | Create | Villager (Male) |
| 1:59 | Build | Lumber Camp |
| 2:05 | Create | Villager (Male) |
| 2:13 | Build | House |
| 2:20 | Research | Loom |
| 2:23 | Create | Villager (Male) |
| 2:59 | Create | Villager (Male) |
| 2:59 | Create | Villager (Male) |
| 3:11 | Create | Villager (Male) |
| 3:39 | Build | House |
| 4:06 | Create | Villager (Male) |
| 4:06 | Create | Villager (Male) |
| 4:57 | Create | Villager (Male) |
| 4:57 | Create | Villager (Male) |
| 5:12 | Build | Mill |
| 5:19 | Build | House |
| 5:40 | Create | Villager (Male) |
| 6:00 | Create | Villager (Male) |
| 6:01 | Create | Villager (Male) |
| 6:55 | Create | Villager (Male) |
| 6:55 | Create | Villager (Male) |
| 7:16 | Create | Villager (Male) |
| 7:32 | Create | Villager (Male) |
| 8:09 | Build | Mining Camp |
| 8:16 | Create | Villager (Male) |
| 8:45 | Research | Feudal Age |
| 9:16 | Build | House |
| 10:15 | Build | Mill |
| 10:40 | Create | Villager (Male) |
| 10:59 | Age | Feudal Age |
| 11:08 | Create | Villager (Male) |
| 11:09 | Create | Villager (Male) |
| 11:22 | Build | Mill |
| 11:40 | Build | House |
| 12:32 | Build | Farm |
| 12:43 | Research | Castle Age |
| 12:50 | Build | Farm |
| 14:05 | Research | Double-Bit Axe |
| 14:35 | Research | Wheelbarrow |
| 14:36 | Create | Villager (Male) |
| 14:38 | Create | Villager (Male) |
| 15:11 | Build | Stable |
| 15:23 | Age | Castle Age |
| 15:58 | Build | Blacksmith |
| 16:08 | Create | Villager (Male) |
| 16:21 | Research | Wheelbarrow |
| 16:31 | Create | Villager (Male) |
| 16:53 | Create | Knight |
| 16:55 | Create | Knight |
| 17:00 | Research | Husbandry |
| 17:01 | Research | Bloodlines |
| 17:07 | Create | Villager (Male) |
| 17:32 | Build | Town Center |
| 17:44 | Build | House |
| 17:56 | Create | Battle Elephant |
| 18:09 | Build | Farm |
| 18:11 | Build | Farm |
| 18:12 | Build | Farm |
| 18:14 | Build | Farm |
| 18:21 | Build | Farm |
| 18:37 | Create | Villager (Male) |
| 18:45 | Build | Farm |
| 19:11 | Build | Farm |
| 19:14 | Build | Farm |
| 19:18 | Create | Villager (Male) |
| 19:29 | Build | Farm |
| 19:33 | Build | Farm |
| 19:35 | Create | Villager (Male) |
| 19:54 | Build | Farm |
| 20:02 | Create | Battle Elephant |
| 20:12 | Create | Villager (Male) |
| 20:33 | Build | Town Center |
| 20:42 | Create | Villager (Male) |
| 20:42 | Create | Villager (Male) |
| 20:42 | Create | Villager (Male) |
| 20:51 | Build | Farm |
| 20:51 | Build | Farm |
| 20:52 | Build | Farm |
| 20:52 | Build | Farm |
| 20:53 | Build | Farm |
| 20:53 | Build | Farm |
| 20:55 | Create | Villager (Male) |
| 20:55 | Create | Villager (Male) |
| 21:01 | Build | Farm |
| 21:07 | Create | Villager (Male) |
| 21:17 | Build | House |
| 21:20 | Create | Villager (Male) |
| 21:27 | Build | Farm |
| 21:29 | Create | Villager (Male) |
| 21:29 | Create | Villager (Male) |
| 21:54 | Research | Scale Barding Armor |
| 21:58 | Build | Farm |
| 22:00 | Create | Villager (Male) |
| 22:13 | Create | Villager (Male) |
| 22:29 | Build | Stable |
| 22:35 | Research | Forging |
| 22:54 | Create | Battle Elephant |
| 22:54 | Create | Battle Elephant |
| 22:56 | Create | Villager (Male) |
| 22:56 | Create | Villager (Male) |
| 23:07 | Build | House |
| 23:09 | Build | Farm |
| 23:10 | Create | Villager (Male) |
| 23:10 | Create | Villager (Male) |
| 23:22 | Build | Farm |
| 23:22 | Build | Farm |
| 23:22 | Build | Farm |
| 23:23 | Build | Farm |
| 23:23 | Build | Farm |
| 23:23 | Build | Farm |
| 23:24 | Build | Farm |
| 23:25 | Create | Villager (Male) |
| 23:25 | Create | Villager (Male) |
| 23:26 | Create | Villager (Male) |
| 23:39 | Create | Knight ×2 |
| 23:54 | Create | Villager (Male) |
| 23:54 | Create | Villager (Male) |
| 24:02 | Build | House |
| 24:04 | Build | House |
| 24:07 | Build | House |
| 24:28 | Create | Knight ×5 |
| 24:46 | Create | Knight ×2 |
| 24:46 | Create | Knight ×2 |
| 24:47 | Create | Villager (Male) |
| 25:19 | Create | Knight ×4 |
| 25:19 | Create | Knight ×4 |
| 25:57 | Create | Knight |
| 25:57 | Create | Knight |
| 25:58 | Create | Villager (Male) |
| 25:58 | Create | Villager (Male) |
| 26:09 | Create | Villager (Male) |
| 26:09 | Create | Villager (Male) |
| 26:09 | Create | Villager (Male) |
| 26:20 | Build | Stable |
| 26:24 | Build | Stable |
| 26:29 | Create | Villager (Male) |
| 26:37 | Create | Knight |
| 26:39 | Create | Villager (Male) |
| 26:39 | Create | Villager (Male) |
| 26:47 | Research | Gold Mining |
| 26:57 | Build | Mining Camp |
| 27:00 | Research | Bow Saw |
| 27:01 | Create | Villager (Male) |
| 27:02 | Create | Villager (Male) |
| 27:04 | Create | Villager (Male) |
Build order — jpgutierrezb
First 150 of 778 actions detected
| 0:05 | Create | Villager (Male) |
| 0:06 | Create | Villager (Male) |
| 0:06 | Create | Villager (Male) |
| 0:06 | Create | Villager (Male) |
| 0:07 | Create | Villager (Male) |
| 0:07 | Create | Villager (Male) |
| 0:07 | Create | Villager (Male) |
| 0:16 | Build | House |
| 0:42 | Build | House |
| 0:43 | Build | House |
| 1:01 | Research | Loom |
| 2:14 | Create | Villager (Male) |
| 2:38 | Create | Villager (Male) |
| 3:21 | Create | Villager (Male) |
| 3:21 | Create | Villager (Male) |
| 3:22 | Create | Villager (Male) |
| 3:47 | Create | Villager (Male) |
| 4:26 | Create | Villager (Male) |
| 4:26 | Create | Villager (Male) |
| 4:27 | Create | Villager (Male) |
| 4:56 | Build | Mill |
| 5:46 | Build | House |
| 5:50 | Create | Villager (Male) |
| 5:51 | Create | Villager (Male) |
| 5:51 | Create | Villager (Male) |
| 5:51 | Create | Villager (Male) |
| 6:27 | Build | Lumber Camp |
| 7:38 | Create | Villager (Male) |
| 7:58 | Create | Villager (Male) |
| 8:32 | Create | Villager (Male) |
| 9:04 | Research | Feudal Age |
| 9:04 | Research | Feudal Age |
| 9:04 | Research | Feudal Age |
| 11:14 | Age | Feudal Age |
| 11:15 | Research | Wheelbarrow |
| 11:16 | Research | Wheelbarrow |
| 11:20 | Research | Double-Bit Axe |
| 11:24 | Research | Horse Collar |
| 12:10 | Create | Villager (Male) |
| 12:10 | Create | Villager (Male) |
| 12:11 | Create | Villager (Male) |
| 12:11 | Create | Villager (Male) |
| 12:11 | Create | Villager (Male) |
| 12:11 | Create | Villager (Male) |
| 12:12 | Create | Villager (Male) |
| 12:12 | Create | Villager (Male) |
| 12:43 | Build | House |
| 12:46 | Build | House |
| 12:47 | Build | House |
| 12:48 | Build | House |
| 13:05 | Research | Town Watch |
| 13:06 | Create | Villager (Male) |
| 13:06 | Create | Villager (Male) |
| 13:06 | Create | Villager (Male) |
| 13:06 | Create | Villager (Male) |
| 13:07 | Create | Villager (Male) |
| 13:07 | Create | Villager (Male) |
| 13:50 | Build | Farm |
| 13:52 | Build | Farm |
| 14:06 | Build | Farm |
| 14:16 | Build | Mining Camp |
| 14:44 | Build | Farm |
| 14:46 | Build | Farm |
| 14:48 | Build | Farm |
| 15:01 | Build | Barracks |
| 15:05 | Build | Blacksmith |
| 15:39 | Build | Archery Range |
| 15:41 | Build | Stable |
| 16:27 | Build | Mill |
| 16:33 | Create | Villager (Male) |
| 16:33 | Create | Villager (Male) |
| 16:33 | Create | Villager (Male) |
| 16:42 | Research | Gold Mining |
| 16:48 | Build | Farm |
| 18:12 | Create | Villager (Male) |
| 18:30 | Research | Castle Age |
| 18:55 | Build | Stable |
| 19:00 | Build | Stable |
| 19:43 | Build | Mining Camp |
| 19:54 | Build | Lumber Camp |
| 20:01 | Research | Stone Mining |
| 20:07 | Research | Scale Barding Armor |
| 20:09 | Research | Forging |
| 20:17 | Build | Lumber Camp |
| 20:49 | Build | Farm |
| 21:17 | Age | Castle Age |
| 21:20 | Create | Knight |
| 21:20 | Create | Knight |
| 21:26 | Create | Knight |
| 21:34 | Create | Knight |
| 21:34 | Create | Knight |
| 21:34 | Create | Knight |
| 21:34 | Create | Knight |
| 21:35 | Create | Knight |
| 21:39 | Create | Villager (Male) |
| 21:50 | Build | Town Center |
| 21:57 | Build | Monastery |
| 22:01 | Create | Villager (Male) |
| 22:01 | Create | Villager (Male) |
| 22:18 | Build | Farm |
| 22:50 | Create | Villager (Male) |
| 22:59 | Build | House |
| 23:00 | Build | House |
| 23:02 | Create | Monk |
| 23:05 | Create | Villager (Male) |
| 23:05 | Create | Villager (Male) |
| 24:25 | Create | Villager (Male) |
| 24:25 | Create | Villager (Male) |
| 24:25 | Create | Villager (Male) |
| 24:26 | Create | Villager (Male) |
| 24:45 | Build | Town Center |
| 24:48 | Create | Villager (Male) |
| 24:48 | Create | Villager (Male) |
| 25:06 | Research | Fervor |
| 25:43 | Research | Hand Cart |
| 25:49 | Build | Farm |
| 25:53 | Create | Villager (Male) |
| 25:53 | Create | Villager (Male) |
| 25:54 | Create | Villager (Male) |
| 26:00 | Build | Farm |
| 26:02 | Build | Farm |
| 26:06 | Build | Farm |
| 26:18 | Create | Villager (Male) |
| 26:18 | Create | Villager (Male) |
| 26:28 | Build | Farm |
| 26:32 | Build | Farm |
| 27:23 | Create | Villager (Male) |
| 27:23 | Create | Villager (Male) |
| 27:24 | Create | Villager (Male) |
| 27:24 | Create | Villager (Male) |
| 27:24 | Create | Villager (Male) |
| 27:24 | Create | Villager (Male) |
| 27:28 | Create | Villager (Male) |
| 27:28 | Create | Villager (Male) |
| 27:35 | Create | Villager (Male) |
| 27:35 | Create | Villager (Male) |
| 27:36 | Create | Villager (Male) |
| 27:36 | Create | Villager (Male) |
| 28:17 | Create | Villager (Male) |
| 28:17 | Create | Villager (Male) |
| 28:18 | Create | Villager (Male) |
| 28:45 | Create | Villager (Male) |
| 28:46 | Create | Villager (Male) |
| 29:07 | Build | House |
| 29:09 | Build | House |
| 29:10 | Build | House |
| 29:11 | Build | House |
| 29:47 | Build | Castle |
| 31:14 | Build | Lumber Camp |
| 31:54 | Build | Siege Workshop |
Build order — Cho Feudalboy
First 150 of 758 actions detected
| 0:04 | Create | Villager (Male) |
| 0:04 | Create | Villager (Male) |
| 0:04 | Create | Villager (Male) |
| 0:05 | Create | Villager (Male) |
| 0:06 | Build | House |
| 0:08 | Build | House |
| 1:22 | Build | Palisade Gate |
| 1:27 | Build | Palisade Wall |
| 1:43 | Create | Villager (Male) |
| 1:43 | Create | Villager (Male) |
| 2:04 | Research | Loom |
| 2:12 | Research | Loom |
| 2:13 | Create | Villager (Male) |
| 2:13 | Create | Villager (Male) |
| 3:11 | Create | Villager (Male) |
| 3:12 | Create | Villager (Male) |
| 3:12 | Create | Villager (Male) |
| 3:23 | Create | Villager (Male) |
| 4:16 | Build | Palisade Gate |
| 4:21 | Build | Palisade Wall |
| 4:29 | Create | Villager (Male) |
| 4:29 | Create | Villager (Male) |
| 4:29 | Create | Villager (Male) |
| 4:56 | Build | Settlement |
| 5:00 | Create | Villager (Male) |
| 5:01 | Create | Villager (Male) |
| 5:33 | Build | House |
| 5:36 | Build | House |
| 5:46 | Build | Outpost |
| 6:12 | Create | Villager (Male) |
| 6:12 | Create | Villager (Male) |
| 6:13 | Create | Villager (Male) |
| 7:11 | Build | Settlement |
| 7:28 | Create | Villager (Male) |
| 7:29 | Create | Villager (Male) |
| 7:29 | Create | Villager (Male) |
| 7:29 | Create | Villager (Male) |
| 8:10 | Create | Villager (Male) |
| 8:26 | Build | Outpost |
| 8:31 | Build | House |
| 9:05 | Create | Villager (Male) |
| 9:18 | Create | Villager (Male) |
| 9:36 | Build | Settlement |
| 9:42 | Create | Villager (Male) |
| 10:24 | Create | Villager (Male) |
| 10:56 | Build | Settlement |
| 11:02 | Create | Villager (Male) |
| 11:33 | Create | Villager (Male) |
| 11:47 | Research | Feudal Age |
| 12:11 | Build | Settlement |
| 12:36 | Build | Barracks |
| 13:23 | Create | Villager (Male) |
| 13:47 | Create | Villager (Male) |
| 14:13 | Age | Feudal Age |
| 14:40 | Create | Villager (Male) |
| 14:51 | Build | Blacksmith |
| 15:15 | Create | Villager (Male) |
| 15:21 | Build | Farm |
| 15:21 | Build | Farm |
| 15:22 | Build | Farm |
| 15:22 | Build | Farm |
| 15:22 | Build | Farm |
| 15:22 | Build | Farm |
| 15:22 | Build | Farm |
| 15:23 | Build | Farm |
| 15:23 | Build | Farm |
| 15:32 | Create | Villager (Male) |
| 15:32 | Research | Town Watch |
| 15:45 | Create | Unit 2550 |
| 15:45 | Create | Unit 2550 |
| 15:54 | Research | Forging |
| 15:54 | Research | Scale Mail Armor |
| 16:18 | Build | Archery Range |
| 16:30 | Create | Unit 2550 |
| 16:31 | Research | Tech 1402 |
| 17:13 | Build | Settlement |
| 17:21 | Create | Villager (Male) |
| 17:21 | Create | Villager (Male) |
| 17:26 | Build | Farm |
| 17:29 | Research | Double-Bit Axe |
| 17:57 | Create | Unit 2550 |
| 18:48 | Build | Watch Tower |
| 19:45 | Build | Barracks |
| 20:02 | Build | Outpost |
| 20:10 | Research | Castle Age |
| 20:18 | Build | Settlement |
| 20:33 | Build | Farm |
| 20:45 | Build | Barracks |
| 20:48 | Create | Spearman |
| 20:49 | Create | Spearman |
| 20:49 | Create | Spearman |
| 21:03 | Create | Spearman |
| 21:03 | Create | Spearman |
| 21:32 | Build | Gate |
| 21:42 | Create | Spearman |
| 21:53 | Build | Stone Wall |
| 21:56 | Build | Stone Wall |
| 22:02 | Create | Spearman |
| 22:06 | Create | Villager (Male) |
| 22:16 | Build | Settlement |
| 22:50 | Age | Castle Age |
| 23:03 | Research | Horse Collar |
| 23:11 | Create | Spearman |
| 23:11 | Create | Spearman |
| 24:17 | Research | Pikeman (upgrade) |
| 24:29 | Build | Gate |
| 24:32 | Build | Stone Wall |
| 24:39 | Build | Stone Wall |
| 25:04 | Create | Villager (Male) |
| 25:04 | Create | Villager (Male) |
| 25:15 | Build | Gate |
| 25:18 | Build | Stone Wall |
| 25:49 | Research | Squires |
| 25:50 | Research | Tech 1351 |
| 26:01 | Build | Town Center |
| 26:09 | Create | Villager (Male) |
| 26:10 | Create | Villager (Male) |
| 26:43 | Build | Farm |
| 26:45 | Create | Villager (Male) |
| 26:49 | Build | Farm |
| 27:05 | Research | Heavy Plow |
| 27:07 | Create | Villager (Male) |
| 27:19 | Build | Farm |
| 27:21 | Create | Villager (Male) |
| 27:53 | Research | Fletching |
| 28:11 | Create | Spearman |
| 28:11 | Create | Spearman |
| 28:11 | Create | Spearman |
| 28:11 | Create | Spearman |
| 28:56 | Research | Wheelbarrow |
| 29:13 | Build | University |
| 29:26 | Build | Town Center |
| 29:44 | Create | Villager (Male) |
| 29:44 | Create | Villager (Male) |
| 30:47 | Create | Spearman |
| 30:47 | Create | Spearman |
| 30:55 | Research | Chain Mail Armor |
| 31:19 | Build | Castle |
| 31:45 | Build | Castle |
| 31:49 | Create | Villager (Male) |
| 31:49 | Create | Villager (Male) |
| 31:49 | Create | Villager (Male) |
| 31:59 | Create | Spearman |
| 31:59 | Create | Spearman |
| 32:00 | Create | Spearman |
| 32:13 | Research | Bodkin Arrow |
| 32:21 | Create | Petard |
| 32:21 | Create | Petard |
| 32:38 | Create | Spearman |
| 33:14 | Create | Villager (Male) |
Build order — jimmi
First 150 of 1011 actions detected
| 0:03 | Build | House |
| 0:04 | Build | House |
| 0:07 | Create | Villager (Male) |
| 0:07 | Create | Villager (Male) |
| 0:07 | Create | Villager (Male) |
| 0:07 | Create | Villager (Male) |
| 0:08 | Create | Villager (Male) |
| 0:15 | Create | Villager (Male) |
| 0:16 | Create | Villager (Male) |
| 0:16 | Create | Villager (Male) |
| 0:16 | Create | Villager (Male) |
| 0:16 | Create | Villager (Male) |
| 0:49 | Research | Loom |
| 0:58 | Build | Palisade Wall |
| 1:08 | Build | Palisade Wall |
| 1:52 | Build | Mining Camp |
| 2:42 | Create | Villager (Male) |
| 2:42 | Create | Villager (Male) |
| 3:41 | Create | Villager (Male) |
| 4:51 | Create | Villager (Male) |
| 5:25 | Create | Villager (Male) |
| 5:54 | Create | Villager (Male) |
| 6:17 | Create | Villager (Male) |
| 6:26 | Build | House |
| 6:41 | Create | Villager (Male) |
| 7:07 | Create | Villager (Male) |
| 7:19 | Build | House |
| 7:23 | Build | House |
| 7:38 | Create | Villager (Male) |
| 7:41 | Create | Villager (Male) |
| 8:04 | Create | Villager (Male) |
| 8:45 | Build | Mill |
| 8:52 | Create | Villager (Male) |
| 8:52 | Create | Villager (Male) |
| 8:52 | Create | Villager (Male) |
| 9:33 | Create | Villager (Male) |
| 10:06 | Build | Lumber Camp |
| 10:17 | Create | Villager (Male) |
| 10:17 | Create | Villager (Male) |
| 11:05 | Build | Farm |
| 11:13 | Create | Villager (Male) |
| 11:14 | Create | Villager (Male) |
| 11:14 | Create | Villager (Male) |
| 11:33 | Build | Farm |
| 12:19 | Build | Mining Camp |
| 12:40 | Create | Villager (Male) |
| 13:16 | Build | Mill |
| 13:21 | Research | Feudal Age |
| 14:03 | Build | Barracks |
| 14:07 | Build | House |
| 14:46 | Create | Villager (Male) |
| 14:47 | Create | Villager (Male) |
| 15:31 | Age | Feudal Age |
| 15:57 | Build | Barracks |
| 16:10 | Build | Watch Tower |
| 16:19 | Build | Watch Tower |
| 16:24 | Create | Villager (Male) |
| 16:24 | Create | Villager (Male) |
| 16:28 | Build | House |
| 16:30 | Build | House |
| 17:14 | Build | Watch Tower |
| 17:20 | Build | Watch Tower |
| 17:23 | Create | Villager (Male) |
| 18:38 | Build | Watch Tower |
| 18:49 | Create | Villager (Male) |
| 18:49 | Create | Villager (Male) |
| 18:58 | Build | House |
| 19:21 | Build | Watch Tower |
| 20:01 | Build | Market |
| 20:26 | Build | Blacksmith |
| 20:53 | Build | Farm |
| 21:10 | Research | Castle Age |
| 21:43 | Build | Watch Tower |
| 22:03 | Build | Farm |
| 22:05 | Build | Farm |
| 22:07 | Build | Farm |
| 22:11 | Build | Farm |
| 22:22 | Build | Farm |
| 22:59 | Build | Farm |
| 23:09 | Research | Double-Bit Axe |
| 23:15 | Research | Horse Collar |
| 23:19 | Create | Villager (Male) |
| 23:20 | Create | Villager (Male) |
| 23:50 | Age | Castle Age |
| 24:02 | Build | Krepost |
| 24:15 | Research | Scale Barding Armor |
| 24:16 | Research | Forging |
| 24:19 | Create | Villager (Male) |
| 24:19 | Create | Villager (Male) |
| 24:41 | Build | Town Center |
| 24:53 | Create | Villager (Male) |
| 24:58 | Create | Konnik |
| 24:58 | Create | Konnik |
| 25:08 | Build | Siege Workshop |
| 25:18 | Create | Villager (Male) |
| 25:38 | Create | Konnik |
| 25:39 | Create | Konnik |
| 25:39 | Create | Konnik |
| 25:47 | Create | Scorpion |
| 25:48 | Create | Scorpion |
| 25:54 | Create | Villager (Male) |
| 26:03 | Build | Farm |
| 26:11 | Research | Scale Mail Armor |
| 26:12 | Research | Scale Mail Armor |
| 26:27 | Create | Battering Ram |
| 26:36 | Create | Petard |
| 26:36 | Create | Petard |
| 26:49 | Create | Villager (Male) |
| 26:49 | Create | Villager (Male) |
| 26:54 | Build | Farm |
| 26:56 | Build | Farm |
| 26:58 | Build | Farm |
| 27:01 | Build | Farm |
| 27:08 | Create | Villager (Male) |
| 27:24 | Create | Villager (Male) |
| 28:29 | Create | Konnik |
| 28:29 | Create | Konnik |
| 28:39 | Create | Mangonel |
| 28:44 | Research | Wheelbarrow |
| 28:52 | Build | Farm |
| 28:53 | Build | Farm |
| 28:56 | Build | Farm |
| 28:58 | Build | Farm |
| 29:03 | Create | Villager (Male) |
| 29:04 | Create | Villager (Male) |
| 29:04 | Create | Villager (Male) |
| 29:04 | Create | Villager (Male) |
| 29:20 | Create | Mangonel |
| 29:25 | Create | Villager (Male) |
| 29:25 | Create | Villager (Male) |
| 29:28 | Create | Villager (Male) |
| 29:37 | Build | Castle |
| 30:12 | Create | Konnik |
| 30:13 | Create | Konnik |
| 30:26 | Build | Castle |
| 30:48 | Create | Konnik |
| 30:48 | Create | Konnik |
| 31:23 | Create | Konnik |
| 31:23 | Create | Konnik |
| 31:23 | Create | Konnik |
| 31:25 | Create | Villager (Male) |
| 31:26 | Create | Villager (Male) |
| 31:26 | Create | Villager (Male) |
| 31:26 | Create | Villager (Male) |
| 31:26 | Create | Villager (Male) |
| 31:56 | Build | Mining Camp |
| 32:57 | Create | Konnik |
| 32:58 | Create | Konnik |
| 32:58 | Create | Konnik |
| 32:59 | Create | Konnik |
Match timeline
| 0:58 | jimmi · wall_segment Palisade Wall x12 |
| 1:07 | vagos.fran · wall_segment Palisade Wall x7 |
| 1:08 | jimmi · wall_segment Palisade Wall x12 |
| 1:20 | a.arias.age · wall_segment Palisade Wall x12 |
| 1:27 | Cho Feudalboy · wall_segment Palisade Wall x4 |
| 1:59 | Orangebaral · wall_segment Palisade Wall x8 |
| 3:06 | a.arias.age · wall_segment Palisade Wall x1 |
| 3:37 | ElMiloja · wall_segment Palisade Wall x7 |
| 3:38 | vagos.fran · wall_segment Palisade Wall x1 |
| 4:21 | Cho Feudalboy · wall_segment Palisade Wall x3 |
| 4:26 | ElMiloja · wall_segment Palisade Wall x7 |
| 4:44 | vagos.fran · wall_segment Palisade Wall x1 |
| 6:30 | ElMiloja · first_building Dock |
| 10:12 | vagos.fran · wall_segment Palisade Wall x7 |
| 10:15 | vagos.fran · wall_segment Palisade Wall x6 |
| 10:34 | vagos.fran · first_building Barracks |
| 10:59 | Trinidad · age_up feudal |
| 11:00 | Orangebaral · first_building Donjon |
| 11:09 | ElMiloja · age_up feudal |
| 11:14 | jpgutierrezb · age_up feudal |
| 11:33 | Orangebaral · age_up feudal |
| 11:41 | a.arias.age · age_up feudal |
| 12:08 | vagos.fran · age_up feudal |
| 12:18 | vagos.fran · first_building Archery Range |
| 12:32 | Orangebaral · first_market_sell 100 stone |
| 12:36 | Orangebaral · first_market_buy 100 food |
| 12:36 | Cho Feudalboy · first_building Barracks |
| 13:16 | ElMiloja · first_market_sell 100 stone |
| 13:18 | ElMiloja · first_market_buy 100 food |
| 14:03 | jimmi · first_building Barracks |
| 14:13 | Cho Feudalboy · age_up feudal |
| 14:53 | a.arias.age · first_building Barracks |
| 15:01 | jpgutierrezb · first_building Barracks |
| 15:11 | Trinidad · first_building Stable |
| 15:23 | Trinidad · age_up castle |
| 15:31 | jimmi · age_up feudal |
| 15:39 | jpgutierrezb · first_building Archery Range |
| 15:41 | jpgutierrezb · first_building Stable |
| 16:04 | a.arias.age · first_building Archery Range |
| 16:09 | ElMiloja · age_up castle |
| 16:18 | Cho Feudalboy · first_building Archery Range |
| 17:13 | a.arias.age · age_up castle |
| 17:29 | ElMiloja · first_building Castle |
| 17:32 | Orangebaral · age_up castle |
| 17:38 | Orangebaral · first_building Stable |
| 18:20 | ElMiloja · first_building Siege Workshop |
| 20:04 | Orangebaral · first_building Siege Workshop |
| 21:00 | a.arias.age · first_building Dock |
| 21:12 | ElMiloja · wall_segment Stone Wall x5 |
| 21:17 | jpgutierrezb · age_up castle |
| 21:53 | Cho Feudalboy · wall_segment Stone Wall x3 |
| 21:56 | Cho Feudalboy · wall_segment Stone Wall x7 |
| 21:57 | jpgutierrezb · first_building Monastery |
| 22:50 | Cho Feudalboy · age_up castle |
| 23:14 | vagos.fran · age_up castle |
| 23:50 | jimmi · age_up castle |
| 24:02 | jimmi · first_building Krepost |
| 24:32 | Cho Feudalboy · wall_segment Stone Wall x1 |
| 24:34 | vagos.fran · first_building Siege Workshop |
| 24:39 | Cho Feudalboy · wall_segment Stone Wall x4 |
| 25:08 | jimmi · first_building Siege Workshop |
| 25:18 | Cho Feudalboy · wall_segment Stone Wall x3 |
| 25:48 | vagos.fran · first_market_buy 100 food |
| 26:39 | ElMiloja · wall_segment Stone Wall x8 |
| 26:40 | ElMiloja · wall_segment Stone Wall x1 |
| 27:22 | a.arias.age · wall_segment Stone Wall x9 |
| 28:14 | ElMiloja · first_building Barracks |
| 29:37 | jimmi · first_building Castle |
| 29:47 | jpgutierrezb · first_building Castle |
| 30:08 | vagos.fran · first_building Castle |
| 31:19 | Cho Feudalboy · first_building Castle |
| 31:28 | Trinidad · first_market_sell 100 wood |
| 31:42 | vagos.fran · wall_segment Stone Wall x1 |
| 31:54 | jpgutierrezb · first_building Siege Workshop |
| 32:22 | vagos.fran · wall_segment Palisade Wall x1 |
| 32:26 | vagos.fran · wall_segment Palisade Wall x1 |
| 33:28 | Cho Feudalboy · wall_segment Stone Wall x1 |
| 33:29 | Cho Feudalboy · wall_segment Stone Wall x1 |
| 33:31 | Trinidad · first_building Castle |
| 33:33 | Cho Feudalboy · wall_segment Stone Wall x2 |
| 33:39 | Cho Feudalboy · wall_segment Stone Wall x2 |
| 33:43 | Cho Feudalboy · wall_segment Stone Wall x2 |
| 33:46 | Cho Feudalboy · wall_segment Stone Wall x4 |
| 34:01 | Cho Feudalboy · wall_segment Stone Wall x3 |
| 35:24 | jpgutierrezb · age_up imperial |
| 35:29 | Orangebaral · first_building Monastery |
| 36:31 | Trinidad · first_market_buy 100 wood |
| 36:51 | jimmi · first_building Monastery |
| 37:13 | vagos.fran · wall_segment Stone Wall x7 |
| 38:20 | a.arias.age · first_building Castle |
| 38:33 | jimmi · first_building Archery Range |
| 40:04 | Orangebaral · age_up imperial |
| 40:08 | jimmi · age_up imperial |
| 40:58 | Trinidad · age_up imperial |
| 41:10 | vagos.fran · first_market_sell 500 wood |
| 41:29 | a.arias.age · first_building Monastery |
| 41:48 | a.arias.age · tribute_sent a jugador 1 |
| 41:48 | a.arias.age · tribute_sent a jugador 2 |
| 41:48 | a.arias.age · tribute_sent a jugador 3 |
| 41:48 | a.arias.age · tribute_sent a jugador 4 |
| 41:48 | a.arias.age · tribute_sent a jugador 5 |
| 41:48 | a.arias.age · tribute_sent a jugador 6 |
| 41:48 | a.arias.age · tribute_sent a jugador 7 |
| 42:37 | Orangebaral · wall_segment Stone Wall x11 |
| 43:20 | a.arias.age · age_up imperial |
| 43:46 | a.arias.age · tribute_sent a jugador 1 |
| 43:46 | a.arias.age · tribute_sent a jugador 2 |
| 43:46 | a.arias.age · tribute_sent a jugador 3 |
| 43:46 | a.arias.age · tribute_sent a jugador 4 |
| 43:46 | a.arias.age · tribute_sent a jugador 5 |
| 43:47 | a.arias.age · tribute_sent a jugador 6 |
| 43:47 | a.arias.age · tribute_sent a jugador 7 |
| 43:51 | ElMiloja · age_up imperial |
| 44:22 | vagos.fran · age_up imperial |
| 44:30 | vagos.fran · wall_segment Stone Wall x6 |
| 45:45 | Cho Feudalboy · wall_segment Stone Wall x4 |
| 45:55 | Cho Feudalboy · wall_segment Stone Wall x4 |
| 47:27 | ElMiloja · first_building Archery Range |
| 47:47 | a.arias.age · tribute_sent a jugador 1 |
| 47:47 | a.arias.age · tribute_sent a jugador 2 |
| 47:47 | a.arias.age · tribute_sent a jugador 3 |
| 47:47 | a.arias.age · tribute_sent a jugador 4 |
| 47:47 | a.arias.age · tribute_sent a jugador 5 |
| 47:47 | a.arias.age · tribute_sent a jugador 6 |
| 47:47 | a.arias.age · tribute_sent a jugador 7 |
| 47:59 | a.arias.age · tribute_sent a jugador 1 |
| 47:59 | a.arias.age · tribute_sent a jugador 2 |
| 47:59 | a.arias.age · tribute_sent a jugador 3 |
| 47:59 | a.arias.age · tribute_sent a jugador 4 |
| 47:59 | a.arias.age · tribute_sent a jugador 5 |
| 47:59 | a.arias.age · tribute_sent a jugador 6 |
| 47:59 | a.arias.age · tribute_sent a jugador 7 |
| 48:40 | Cho Feudalboy · wall_segment Stone Wall x7 |
| 48:43 | Cho Feudalboy · wall_segment Stone Wall x3 |
| 48:46 | Cho Feudalboy · wall_segment Stone Wall x4 |
| 48:52 | Cho Feudalboy · wall_segment Stone Wall x1 |
| 48:53 | Cho Feudalboy · wall_segment Stone Wall x1 |
| 48:54 | Cho Feudalboy · wall_segment Stone Wall x1 |
| 49:29 | Cho Feudalboy · wall_segment Stone Wall x1 |
| 50:27 | Cho Feudalboy · first_building Siege Workshop |
| 50:46 | ElMiloja · wall_segment Stone Wall x4 |
| 50:54 | Cho Feudalboy · first_building Monastery |
| 52:55 | Cho Feudalboy · age_up imperial |
| 52:59 | Orangebaral · tribute_sent a jugador 2 |
| 52:59 | Orangebaral · tribute_sent a jugador 3 |
| 52:59 | Orangebaral · tribute_sent a jugador 4 |
| 52:59 | Orangebaral · tribute_sent a jugador 5 |
| 52:59 | Orangebaral · tribute_sent a jugador 6 |
| 52:59 | Orangebaral · tribute_sent a jugador 7 |
| 52:59 | Orangebaral · tribute_sent a jugador 8 |
| 53:10 | jimmi · tribute_sent a jugador 1 |
| 53:10 | jimmi · tribute_sent a jugador 2 |
| 53:10 | jimmi · tribute_sent a jugador 3 |
| 53:10 | jimmi · tribute_sent a jugador 4 |
| 53:10 | jimmi · tribute_sent a jugador 5 |
| 53:10 | jimmi · tribute_sent a jugador 6 |
| 53:10 | jimmi · tribute_sent a jugador 8 |
| 53:46 | a.arias.age · tribute_sent a jugador 1 |
| 53:46 | a.arias.age · tribute_sent a jugador 2 |
| 53:46 | a.arias.age · tribute_sent a jugador 3 |
| 53:46 | a.arias.age · tribute_sent a jugador 4 |
| 53:46 | a.arias.age · tribute_sent a jugador 5 |
| 53:46 | a.arias.age · tribute_sent a jugador 6 |
| 53:46 | a.arias.age · tribute_sent a jugador 7 |
| 57:38 | a.arias.age · tribute_sent a jugador 1 |
| 57:38 | a.arias.age · tribute_sent a jugador 2 |
| 57:38 | a.arias.age · tribute_sent a jugador 3 |
| 57:38 | a.arias.age · tribute_sent a jugador 4 |
| 57:38 | a.arias.age · tribute_sent a jugador 5 |
| 57:38 | a.arias.age · tribute_sent a jugador 6 |
| 57:38 | a.arias.age · tribute_sent a jugador 7 |
| 59:02 | Cho Feudalboy · wall_segment Stone Wall x1 |
| 59:06 | Cho Feudalboy · wall_segment Stone Wall x4 |
| 59:19 | Cho Feudalboy · wall_segment Stone Wall x3 |
| 59:32 | Trinidad · first_building Siege Workshop |
| 60:22 | a.arias.age · first_market_sell 100 food |
| 62:04 | Trinidad · wall_segment Stone Wall x11 |
| 62:42 | a.arias.age · tribute_sent a jugador 1 |
| 62:42 | a.arias.age · tribute_sent a jugador 2 |
| 62:42 | a.arias.age · tribute_sent a jugador 3 |
| 62:42 | a.arias.age · tribute_sent a jugador 4 |
| 62:42 | a.arias.age · tribute_sent a jugador 5 |
| 62:42 | a.arias.age · tribute_sent a jugador 6 |
| 62:42 | a.arias.age · tribute_sent a jugador 7 |
| 62:44 | Orangebaral · first_building Castle |
| 63:20 | Cho Feudalboy · wall_segment Stone Wall x5 |
| 67:19 | vagos.fran · first_building Monastery |
| 73:09 | Cho Feudalboy · wall_segment Stone Wall x2 |
| 73:29 | jimmi · first_building Stable |
| 74:15 | Cho Feudalboy · first_market_sell 100 wood |
| 76:00 | a.arias.age · first_building Siege Workshop |
| 77:54 | Orangebaral · resign |
| 82:02 | a.arias.age · tribute_sent a jugador 1 |
| 82:02 | a.arias.age · tribute_sent a jugador 2 |
| 82:02 | a.arias.age · tribute_sent a jugador 3 |
| 82:02 | a.arias.age · tribute_sent a jugador 4 |
| 82:02 | a.arias.age · tribute_sent a jugador 5 |
| 82:02 | a.arias.age · tribute_sent a jugador 6 |
| 82:02 | a.arias.age · tribute_sent a jugador 7 |
| 82:49 | vagos.fran · wall_segment Stone Wall x10 |
| 83:02 | jpgutierrezb · tribute_sent a jugador 1 |
| 83:02 | jpgutierrezb · tribute_sent a jugador 2 |
| 83:02 | jpgutierrezb · tribute_sent a jugador 3 |
| 83:02 | jpgutierrezb · tribute_sent a jugador 4 |
| 83:02 | jpgutierrezb · tribute_sent a jugador 6 |
| 83:02 | jpgutierrezb · tribute_sent a jugador 7 |
| 83:02 | jpgutierrezb · tribute_sent a jugador 8 |
| 86:02 | jpgutierrezb · tribute_sent a jugador 1 |
| 86:02 | jpgutierrezb · tribute_sent a jugador 2 |
| 86:02 | jpgutierrezb · tribute_sent a jugador 3 |
| 86:02 | jpgutierrezb · tribute_sent a jugador 4 |
| 86:02 | jpgutierrezb · tribute_sent a jugador 6 |
| 86:02 | jpgutierrezb · tribute_sent a jugador 7 |
| 86:02 | jpgutierrezb · tribute_sent a jugador 8 |
[ AI ANALYSIS · 1 CREDIT ]
What really happened in this match?
Wolo.gg analyzes every decision: build order, eco, micro, common mistakes by bracket. Personalized analysis on WhatsApp or Discord in 30 seconds.
Civ guide
Ethiopians
Perfil
Jugador #2247124